 Dungeon Crawl Stone Soup version 0.29-a0-337-g68df138881 (webtiles) character file.

Game seed: 2527468983813266936

4368 spaghetti the Frost Mage (level 8, -9/97 HPs)
             Began as a Deep Dwarf Transmuter on Apr 17, 2022.
             Was a Believer of Ru.
             Mangled by a two-headed ogre
             ... wielding a +0 giant spiked club
              (11 damage)
             ... on level 9 of the Dungeon.
             The game lasted 00:20:58 (9317 turns).

spaghetti the Frost Mage (Deep Dwarf Transmuter)    Turns: 9317, Time: 00:20:58

Health: -9/97      AC:  8    Str: 14    XL:     8   Next: 13%
Magic:  12/14      EV: 12    Int: 18    God:    Ru [**....]
Gold:   466        SH:  0    Dex: 13    Spells: 4/17 levels left

rFire   . . .      SeeInvis .     - Unarmed
rCold   + + +      Faith    .   (shield currently unavailable)
rNeg    . . .      Spirit   .   (body armour currently unavailable)
rPois   +          Reflect  .   (helmet currently unavailable)
rElec   .          Harm     .   (cloak currently unavailable)
rCorr   .          Rampage  .   (gloves currently unavailable)
Will    +....      Clarity  +   (boots currently unavailable)
Stlth   +.........              (no amulet)
HPRegen 0.00/turn               u - ring of protection from fire
MPRegen 0.14/turn               (no ring)

@: ice-form (expiring), wereblooded, studying Ice Magic
A: freezing attack, amphibious, boosted hp, damage resistance, heal wounds,
large, sense surroundings 2, inexperienced 1, no regeneration, (claws 1),
clarity, MP-powered wands
a: Heal Wounds, End Transformation, Renounce Religion


You were on level 9 of the Dungeon.
You worshipped Ru.
Ru was pleased with you.
You were a creature of crystalline ice.
You visited 2 branches of the dungeon, and saw 10 of its levels.

You collected 490 gold pieces.
You spent 24 gold pieces at shops.


Innate Abilities, Weirdness & Mutations

You are a creature of crystalline ice.
You have a powerful freezing melee attack.
You are amphibious.
Your maximum health is increased.
Your armour is entirely melded.
You are incapable of wielding weapons or throwing items.
You are resistant to damage.
You can heal yourself by infusing magical energy.
You passively map the area around you.
You are somewhat inexperienced. (-2 XL)
You do not regenerate.
((You have sharp fingernails.))
You possess an exceptional clarity of mind.
You expend magic power (3 MP) to strengthen your wands.


   Skills:
 + Level 8.2 Fighting
 * Level 5.7 Dodging
 + Level 4.4 Unarmed Combat
 - Level 5.0 Spellcasting
 - Level 3.6 Transmutations
 * Level 9.6 Ice Magic


You had 4 spell levels left.
You knew the following spells:

 Your Spells              Type           Power      Damage    Failure   Level
a - Beastly Appendage     Tmut           34%        N/A       3%          1
b - Wereblood             Tmut           17%        N/A       4%          2
c - Ice Form              Ice/Tmut       28%        N/A       9%          4
d - Spider Form           Tmut/Pois      11%        N/A       19%         3
e - Frozen Ramparts       Ice            78%        1d9       1%          3

Your spell library contained the following spells:

 Spells                   Type           Power      Damage    Failure   Level
 Freeze                   Ice            100%       1d11      1%          1
 Animate Skeleton         Necr           8%         N/A       13%         1
 Pain                     Necr           16%        1d4       13%         1
 Hailstorm                Conj/Ice       21%        3d6       19%         4
 Vampiric Draining        Necr           4%         2d6       36%         3
 Blade Hands              Tmut           8%         N/A       63%         5
 Irradiate                Conj/Tmut      5%         3d15      86%         5
 Dragon Form              Tmut           8%         N/A       100%        7

Inventory:

Hand Weapons
 J - a +2 spectral quarterstaff {staff}
   (You found it on level 4 of the Dungeon)
Missiles
 g - 200 stones {throwing}
 h - 3 atropa-tipped darts {throwing}
 y - 2 boomerangs {throwing}
 A - a throwing net {=f!fthrowing}
 C - 14 poisoned darts {throwing}
Armour
 a - a +0 robe (melded)
 d - a +0 buckler (melded)
   (You found it on level 5 of the Dungeon)
 z - a +0 cloak (melded)
   (You took it off Crazy Yiuf on level 2 of the Dungeon)
Magical Staves
 q - a staff of earth {!astaff}
   (You found it on level 7 of the Dungeon)
Jewellery
 u - a ring of protection from fire (left front paw)
   (You found it on level 7 of the Dungeon)
Wands
 j - a wand of iceblast (20)
   (You found it on level 6 of the Dungeon)
 k - a wand of mindburst (10)
   (You found it on level 6 of the Dungeon)
Scrolls
 c - a scroll of magic mapping {!r}
 n - 2 scrolls of immolation {unknown}
 o - 4 scrolls of identify {unknown}
 p - a scroll of holy word {unknown}
 r - 2 scrolls of noise {unknown}
 t - 2 scrolls of vulnerability {unknown}
 v - 2 scrolls of teleportation {unknown}
 w - a scroll of fog {unknown}
 D - 2 scrolls of fear {unknown}
 E - a scroll of acquirement {unknown}
 F - a scroll of amnesia {unknown}
 G - a scroll of enchant armour {unknown}
 I - 2 scrolls of blinking {unknown}
Potions
 b - 2 potions of lignification {!q}
 e - a potion of flight
 i - a potion of attraction {unknown}
 l - 3 potions of resistance
 s - a potion of brilliance
 H - a potion of invisibility

Dungeon Overview and Level Annotations

Branches:
Dungeon (9/15)             Temple (1/1) D:7             Orc (0/2) D:9
   Lair: D:8-11

Altars:
Ashenzari
Cheibriados
Dithmenos
Elyvilon
Fedhas
Gozag
Hepliaklqana
Kikubaaqudgha
Makhleb
Nemelex Xobeh
Okawaru
Qazlal
Ru
Sif Muna
Trog
Uskayaw
Vehumet
Wu Jian
Xom
Yredelemnul
Zin
The Shining One

Shops:
D:3 *   D:8 *

Annotations:
D:9 1 runed translucent door, freelancePsychic's ghost, journeyman GnHu

#.............>.........
#..>)...................
#[†).)..................
##'#####.......))....... *
#)# #.......)).....##
#.###########.######..#
#.....# #.#######+# *
#####.#### #...l......, *
###.......# ###YO...... ,
..........######........,,*
###.......#....+........
#.........####........
#.......### #........
#.......# #########
#.......# #########


You could see a two-headed ogre and a wyvern.


Message History

You take 2 damage, and now have 64/97 hp.
You hit the wight.
You howl as the wereblood boils in your veins!
The wight hits you from afar with a +0 spear.
You feel drained.
The wight hits you with a +0 dire flail. 😮 HP[-2]
You now have 96 max hp (-1).
You take 2 damage, and now have 62/96 hp.
You punch the wight!
You feel a bit better.
You destroy the wight!
The wight barely misses you.
Your life force feels restored. 😮 HP[+2]
You now have 97 max hp (+1).
You regained 2 hp, and now have 64/97 hp.
The wight hits you with a +0 spear! The wight hits you but does no damage.
Items here: )) [[ ††. 😮 HP[-6]
You take 6 damage, and now have 58/97 hp.
You barely miss the wight.
You howl as the wereblood boils in your veins!
The wight hits you but does no damage. x2
You hit the wight but do no damage. The wight barely misses you.
The wight completely misses you.
You punch the wight! You punch the wight! The wight hits you with a +0 spear!
The wight closely misses you. 😮 HP[-4] MP[+1]
You take 4 damage, and now have 54/97 hp.
You punch the wight! The wight hits you but does no damage.
The wight barely misses you.
You hit the wight but do no damage. The wight closely misses you.
The wight hits you but does no damage.
You punch the wight!
You feel a bit better.
You destroy the wight!
The wight hits you but does no damage. 😮 HP[+3]
You regained 3 hp, and now have 57/97 hp.
You hit the wight but do no damage.
You redirect the wight's attack!
The wight closely misses itself.
You punch the wight!
You feel a bit better.
You destroy the wight! 😮 HP[+1] Unknown command.
Your primal bloodlust is almost over.
Your primal bloodlust has ended.
Things that are here:
a +0 dire flail {mace}; a +0 robe; 😮 MP[+4]
Your mp is fully restored (14).
Things that are here:
a +0 vorpal mace {mace}; a +0 robe You now have 466 gold pieces (gained 16).
Things that are here:
a +0 spear {polearm}; a +0 robe Unknown command.
Items here: )) [[ ††.
A two-headed ogre comes into view.
It is wielding a +0 giant spiked club and a +0 giant club.
A two-headed ogre is nearby!
A two-headed ogre is nearby!
A two-headed ogre is nearby!
A two-headed ogre is nearby!
A wyvern comes into view.
The wyvern hisses angrily.
Casting: Ice Form (dangerous; 9% risk of failure)
Confirm with . or Enter, or press ? or * to list all spells.
Your blood is infused with primal strength. 😮 MP[-2]
You lost 2 mp, and now have 12/14 mp.
You hit the two-headed ogre but do no damage.
The wyvern barely misses you.
The two-headed ogre hits you with a +0 giant spiked club!!
* * * LOW HITPOINT WARNING * * *
The two-headed ogre hits you with a +0 giant club!!
* * * LOW HITPOINT WARNING * * *
😱 HP[-55]
You take 55 damage, and now have 3/97 hp.
MASSIVE DAMAGE!! (PAUSE)
Okay, then.
You feel much better.
Your transformation is almost over.
The wyvern bites you but does no damage.
The wyvern bites you!
* * * LOW HITPOINT WARNING * * *
😱 HP[+18]
You regained 18 hp, and now have 21/97 hp.
You barely miss the wyvern. The two-headed ogre closely misses you.
The two-headed ogre hits you with a +0 giant club!!
* * * LOW HITPOINT WARNING * * *
The wyvern barely misses you. 😱 HP[-18]
You take 18 damage, and now have 3/97 hp.
As you read the scroll labelled CANOLO ORHURO, it crumbles to dust.
It is a scroll of enchant weapon.
Your +1 spectral quarterstaff {staff} glows red for a moment.
The wyvern bites you.
* * * LOW HITPOINT WARNING * * *
The two-headed ogre hits you with a +0 giant spiked club!
You die...

Skill      XL: |  1  2  3  4  5  6  7  8  9 |
---------------+----------------------------+-----
Transmutations | 2 3 |  3.6
Spellcasting   | 2 3 4 5 |  5.0
Ice Magic      | 1 2 4 5 9 |  9.6
Unarmed Combat | 3 4 |  4.4
Fighting       | 3 7 8 |  8.2
Dodging        | 5 |  5.7

Action                   |  1- 3 |  4- 6 |  7- 9 | 10-12 || total
-------------------------+-------+-------+-------+-------++-------
Melee: Rapier            |    19 |       |       |       ||    19
       Unarmed           |    84 |   127 |    69 |     8 ||   288
       Kick              |    19 |     7 |    36 |       ||    62
       Headbutt          |    13 |     1 |    20 |       ||    34
       Punch             |     1 |       |       |       ||     1
       Quarterstaff      |       |       |   145 |       ||   145
Throw: Dart              |       |       |     1 |       ||     1
 Cast: Beastly Appendage |    18 |     6 |    23 |       ||    47
       Wereblood         |    14 |    20 |    34 |     1 ||    69
       Ice Form          |       |    12 |     5 |       ||    17
       Spider Form       |       |     1 |     1 |       ||     2
Invok: Sacrifice Experie |       |       |     1 |       ||     1
 Abil: Heal Wounds       |       |       |     3 |       ||     3
  Use: Potion            |     1 |       |    13 |       ||    14
       Scroll            |       |       |     2 |       ||     2
 Stab: Distracted        |       |       |     1 |       ||     1
Armor: Robe              |    24 |     4 |    41 |       ||    69
       Skin              |       |    27 |    28 |     3 ||    58
Dodge: Dodged            |    79 |    51 |   193 |     4 ||   327

Levels and vault maps discovered:
D:1:      heliophobic_arrival_ceremonial_halls, layout_basic, minmay_3d_cube
D:2:      layout_rooms, st_stairs_4, uniq_crazy_yiuf_cottage
D:3:      layout_basic, serial_shops, nicolae_square_shop,
          shapermc_ecumenical_altar_acropolis
D:4:      layout_loops_ring, uniq_eustachio, uniq_robin
D:5:      layout_basic
D:6:      layout_loops_ring, uniq_menkaure
D:7:      layout_layer_cave, nicolae_sif_muna_condensation, temple_pool_b,
          grunt_ministairs_2
D:8:      layout_layer_cave, nicolae_shop_clearance
D:9:      layout_roguey, david_orc_3, hellmonk_ghost_big_iron, minivault_19
Temple:   mainiacjoe_temple_hex_bubbles

Notes
Turn   | Place    | Note
-------+----------+-------------------------------------------
     0 | D:1      | spaghetti the Deep Dwarf Transmuter began the quest for the
                  | Orb.
     0 | D:1      | Reached XP level 1. HP: 16/16 MP: 3/3
     0 | D:1      | magus.rc [v1.9.6]
    98 | D:1      | Reached skill level 2 in Transmutations
   111 | D:1      | Reached skill level 2 in Spellcasting
   159 | D:1      | Reached XP level 2. HP: 9/24 MP: 5/5
   173 | D:1      | Learned a level 2 spell: Wereblood
   176 | D:1      | Gained mutation: You possess an exceptional clarity of
                  | mind. [potion of mutation]
   176 | D:1      | Gained mutation: You have sharp fingernails. [potion of
                  | mutation]
   176 | D:1      | Gained mutation: You expend magic power (3 MP) to
                  | strengthen your wands. [potion of mutation]
  1172 | D:2      | Reached skill level 1 in Ice Magic
  1172 | D:2      | Reached XP level 3. HP: 18/30 MP: 2/6
  1523 | D:2      | Reached skill level 3 in Unarmed Combat
  1523 | D:2      | Reached skill level 2 in Ice Magic
  1626 | D:2      | Reached XP level 4. HP: 35/37 MP: 1/7
  1640 | D:2      | Learned a level 4 spell: Ice Form
  1817 | D:2      | Found a runed translucent door.
  1818 | D:2      | Noticed Crazy Yiuf
  1826 | D:2      | Killed Crazy Yiuf
  2378 | D:3      | Reached skill level 3 in Ice Magic
  2749 | D:3      | Found Renut's Assorted Antiques.
  3162 | D:3      | Found a faded altar of an unknown god.
  3230 | D:4      | Noticed Eustachio
  3242 | D:4      | Killed Eustachio
  3243 | D:4      | Reached skill level 3 in Spellcasting
  3243 | D:4      | Reached skill level 3 in Transmutations
  3243 | D:4      | Reached skill level 4 in Ice Magic
  3243 | D:4      | Reached XP level 5. HP: 43/43 MP: 3/9
  3243 | D:4      | Reached XP level 6. HP: 50/50 MP: 3/10
  3245 | D:4      | You pick up a book of Frost and begin reading...
  3245 | D:4      | You add the spells Freeze, Frozen Ramparts and Hailstorm to
                  | your library.
  3250 | D:4      | Learned a level 3 spell: Spider Form
  3448 | D:4      | Noticed Robin
  3483 | D:4      | Killed Robin
  3484 | D:4      | Reached skill level 5 in Ice Magic
  3638 | D:4      | You pick up a book of Frost and begin reading...
  3999 | D:4      | Reached skill level 4 in Unarmed Combat
  3999 | D:4      | Reached XP level 7. HP: 38/56 MP: 2/12
  4255 | D:5      | Entered Level 5 of the Dungeon
  4262 | D:5      | Reached skill level 1 in Fighting
  4381 | D:5      | Reached skill level 2 in Fighting
  4381 | D:5      | Reached skill level 4 in Spellcasting
  4437 | D:5      | Reached skill level 3 in Fighting
  4681 | D:5      | You pick up a book of Necromancy and begin reading...
  4681 | D:5      | You add the spells Pain, Animate Skeleton and Vampiric
                  | Draining to your library.
  4769 | D:5      | Reached XP level 8. HP: 62/69 MP: 10/15
  4822 | D:5      | Reached skill level 5 in Spellcasting
  5112 | D:5      | Reached skill level 4 in Fighting
  5169 | D:5      | Learned a level 3 spell: Frozen Ramparts
  5302 | D:6      | Noticed Menkaure
  5307 | D:6      | Killed Menkaure
  5308 | D:6      | Reached skill level 5 in Fighting
  5335 | D:6      | Reached skill level 6 in Fighting
  6096 | D:7      | Reached skill level 7 in Fighting
  6118 | D:7      | Gained mutation: You passively map the area around you.
                  | [Deep Dwarf growth]
  6118 | D:7      | Reached XP level 9. HP: 70/86 MP: 13/16
  6138 | D:7      | Found a shimmering blue altar of Sif Muna.
  6205 | D:7      | Reached skill level 6 in Ice Magic
  6306 | D:7      | Found a staircase to the Ecumenical Temple.
  6698 | D:7      | Reached skill level 7 in Ice Magic
  7171 | Temple   | Entered the Ecumenical Temple
  7401 | Temple   | Became a worshipper of Ru the Awakened
  7588 | D:8      | You pick up a book of Transfigurations {@e2} and begin
                  | reading...
  7588 | D:8      | You add the spells Irradiate, Blade Hands and Dragon Form
                  | to your library.
  7830 | D:8      | Reached skill level 3 in Dodging
  7845 | D:8      | HP: 21/87 [killer bee (3)]
  7847 | D:8      | Reached skill level 8 in Ice Magic
  7848 | D:8      | HP: 9/87 [killer bee (5)]
  8004 | D:8      | HP: 15/88 [wyvern (8)]
  8007 | D:8      | Reached skill level 4 in Dodging
  8698 | D:8      | Found Ibigry's CLEARANCE SALE!.
  8714 | D:8      | Bought 2 potions of curing for 24 gold pieces
  8780 | D:9      | Reached skill level 8 in Fighting
  8970 | D:9      | Noticed a deep elf pyromancer
  8974 | D:9      | Killed a deep elf pyromancer
  8975 | D:9      | Reached skill level 5 in Dodging
  8975 | D:9      | Reached skill level 9 in Ice Magic
  8976 | D:9      | Reached XP level 10. HP: 67/96 MP: 13/16
  9049 | D:9      | Found a runed translucent door.
  9050 | D:9      | Noticed freelancePsychic's ghost (journeyman GnHu)
  9153 | D:9      | Gained mutation: You are somewhat inexperienced. (-2 XL)
                  | [Ru sacrifice]
  9153 | D:9      | Reached XP level 9. HP: 57/88 MP: 15/15
  9153 | D:9      | Reached XP level 8. HP: 57/81 MP: 14/14
  9153 | D:9      | Reached * piety under Ru
  9153 | D:9      | Reached ** piety under Ru
  9253 | D:9      | Found a staircase to the Orcish Mines.
  9310 | D:9      | Noticed a two-headed ogre
  9314 | D:9      | HP: 3/97 [two-headed ogre/+0 giant spiked club (23)]
  9317 | D:9      | Mangled by a two-headed ogre

Vanquished Creatures
  A deep elf pyromancer (D:9)
  A hornet (D:8)
  A wyvern (D:8)
  Eustachio (D:4)
  Menkaure (D:6)
  A warg (D:9)
  3 sky beasts
  2 ice beasts (D:5)
  An orc warrior (D:7)
  A centaur (D:8)
  5 phantoms
  2 kobold brigands
  2 bullfrogs
  3 necrophages
  6 wights
  10 killer bees
  5 howler monkeys
  4 orc priests
  A hound (D:6)
  Crazy Yiuf (D:2)
  3 gnoll shamans
  An iguana (D:6)
  6 orc wizards
  Robin (D:4)
  16 gnolls
  7 adders
  A shadow imp (D:5)
  3 white imps
  2 worms
  A dart slug (D:1)
  25 orcs
  4 bats
  7 endoplasms
  2 giant cockroaches
  14 goblins
  12 hobgoblins
  2 jackals (D:2)
  3 quokkas
  4 ball pythons
  A frilled lizard (D:3)
  18 kobolds
  9 rats
194 creatures vanquished.

Vanquished Creatures (others)
  A killer bee (D:8)
  2 plants (D:9)
3 creatures vanquished.

Grand Total: 197 creatures vanquished

Table legend:
 A = Non-vault XP
 B = Vault XP
 C = Vault XP percentage of total XP
 D = Non-vault monster count
 E = Vault monster count
 F = Vault count percentage of total count
                 A         B        C        D         E       F
            +---------+---------+-------+---------+---------+-------
      Total |    5405 |     835 |  13.4 |     160 |      35 |  17.9
            +---------+---------+-------+---------+---------+-------
        D:1 |      26 |       7 |  21.2 |      15 |       3 |  16.7
        D:2 |      66 |      42 |  38.9 |      18 |       3 |  14.3
        D:3 |      55 |       0 |   0.0 |      22 |       0 |   0.0
        D:4 |     385 |     234 |  37.8 |      11 |      13 |  54.2
        D:5 |    1031 |       0 |   0.0 |      22 |       0 |   0.0
        D:6 |     520 |     172 |  24.9 |      14 |       1 |   6.7
        D:7 |     812 |     122 |  13.1 |      25 |       8 |  24.2
        D:8 |    1204 |       0 |   0.0 |      18 |       0 |   0.0
        D:9 |    1306 |     258 |  16.5 |      15 |       7 |  31.8
            +---------+---------+-------+---------+---------+-------

Illustrated notes

Table legend:
 A = Kills in this place as a percentage of kills in entire the game.
 B = Kills by you in this place as a percentage of kills by you in the entire game.
 C = Kills by friends in this place as a percentage of kills by friends in the entire game.
 D = Other kills in this place as a percentage of other kills in the entire game.
 E = Experience gained in this place as a percentage of experience gained in the entire game.
 F = Experience gained in this place divided by the number of levels of this place that you have seen.
                   A       B       C       D       E      F
               +-------+-------+-------+-------+-------+----------------------
         Total | 100.0 | 100.0 |   N/A | 100.0 | 100.0 | 624.0
       Dungeon | 100.0 | 100.0 |   N/A | 100.0 | 100.0 | 693.3
               +-------+-------+-------+-------+-------+----------------------

Table legend: (Time is in decaauts)
 A = Elapsed time spent in this place.
 B = Non-inter-level travel time spent in this place.
 C = Inter-level travel time spent in this place.
 D = Time resting spent in this place.
 E = Time spent auto-exploring this place.
 F = Levels seen in this place.
 G = Mean time per level.
                   A        B        C        D        E       F      G
               +--------+--------+--------+--------+--------+-----+--------+
         Total |   9335 |   8897 |    438 |    616 |   7015 |  10 |  933.5 |
       Dungeon |   9089 |   8685 |    404 |    616 |   6806 |   9 | 1009.9 |
        Temple |    245 |    211 |     34 |      0 |    209 |   1 |  245.0 |
               +--------+--------+--------+--------+--------+-----+--------+

Top non-repeatable levels by time:
     D:8: 1336 daAuts
     D:7: 1253 daAuts
     D:1: 1193 daAuts
     D:3: 1150 daAuts
     D:5: 1057 daAuts
     D:4: 992 daAuts
     D:2: 910 daAuts
     D:6: 791 daAuts
     D:9: 404 daAuts
  Temple: 245 daAuts
